 Dungeon Crawl Stone Soup version 0.23-a0-386-g9c9d49f (webtiles) character file.

48010 George the Carver (level 14, -1/126 HPs)
             Began as a Minotaur Fighter on Oct 28, 2018.
             Was a High Priest of Makhleb.
             Slain by an entropy weaver (12 damage)
             ... on level 5 of the Lair of Beasts.
             The game lasted 00:30:53 (14684 turns).

George the Carver (Minotaur Fighter)               Turns: 14684, Time: 00:30:54

Health: -1/126     AC: 10    Str: 27    XL:     14   Next: 10%
Magic:  20/20      EV: 12    Int:  5    God:    Makhleb [*****.]
Gold:   1071       SH: 18    Dex: 11    Spells: 13/13 levels left

rFire    . . .     SeeInvis .   a - +1 long sword
rCold    . . .     Gourm    .   c - +0 shield
rNeg     . . .     Faith    .   R - +0 plate armour
rPois    .         Spirit   .   C - +1 hat
rElec    .         Reflect  +   J - scarf {cloud immunity}
rCorr    +         Harm     .   (no gloves)
MR       +....                  D - +0 pair of boots
Stlth    ..........             P - +5 amulet of reflection
HPRegen  0.31/turn              t - +2 ring of strength
MPRegen  0.17/turn              T - ring of resist corrosion

@: corroded
A: retaliatory headbutt, horns 2
a: Minor Destruction, Lesser Servant of Makhleb, Major Destruction, Greater
Servant of Makhleb, Renounce Religion


You were on level 5 of the Lair of Beasts.
You worshipped Makhleb.
Makhleb was extremely pleased with you.
You were not hungry.

You visited 3 branches of the dungeon, and saw 19 of its levels.

You collected 1071 gold pieces.

Inventory:

Hand Weapons
 a - a +1 long sword (weapon)
 B - a +0 rapier
 I - the +6 trident of Prudence {antimagic, rF+ rN+}
   (You found it on level 3 of the Lair of Beasts)

   It reduces the magical energy of the wielder, and disrupts the spells and
   magical abilities of those hit.
   Natural abilities and divine invocations are not affected.
   It protects you from fire.
   It protects you from negative energy.
Missiles
 E - 6 throwing nets (quivered)
Armour
 c - a +0 shield (worn)
 C - a +1 hat (worn)
 D - a +0 pair of boots (worn)
 J - a scarf of cloud immunity (worn)
 R - a +0 plate armour (worn)
Jewellery
 l - an uncursed amulet of regeneration
 t - a +2 ring of strength (left hand)
 u - an uncursed ring of protection from fire
 y - an uncursed amulet of faith
 P - a +5 amulet of reflection (around neck)
 T - a ring of resist corrosion (right hand)
Wands
 o - a wand of paralysis (6)
 s - a wand of iceblast (20)
 v - a wand of acid (18)
 G - a wand of random effects (107)
 M - a wand of enslavement (12)
 N - a wand of polymorph (32)
Scrolls
 h - 6 scrolls of remove curse
 k - 2 scrolls of fear
 m - 3 scrolls of enchant weapon
 p - 2 scrolls of blinking
 q - 3 scrolls of immolation
 z - a scroll of magic mapping {unknown}
 A - 12 scrolls of teleportation
 F - a scroll of fog {unknown}
 H - 3 scrolls of vulnerability {unknown}
 K - 2 scrolls of enchant armour {unknown}
 L - 2 scrolls of summoning {unknown}
 O - a scroll of holy word {unknown}
 S - a scroll of random uselessness {unknown}
Potions
 b - 2 potions of magic
 d - 4 potions of might
 e - 2 potions of berserk rage {unknown}
 g - 5 potions of resistance
 i - a potion of heal wounds
 j - 6 potions of flight
 n - 4 potions of agility
 r - 5 potions of curing
 w - a potion of cancellation
 x - 2 potions of mutation
Miscellaneous
 Q - a fan of gales
Comestibles
 f - 36 rations


   Skills:
 + Level 12.2 Fighting
 - Level 14.0 Long Blades
 + Level 12.1 Armour
 + Level 10.7 Dodging
 + Level 12.1 Shields
 + Level 9.9 Invocations


You had 13 spell levels left.
You didn't know any spells.
Your spell library contained the following spells:

 Spells                   Type           Power        Failure   Level  Hunger
 Summon Butterflies       Summ           #.......     99%         1    ##.....
 Call Canine Familiar     Summ           #.......     100%        3    ####...
 Summon Ice Beast         Ice/Summ       #.......     100%        4    #####..
 Irradiate                Conj/Tmut      #.........   100%        5    ######.
 Summon Mana Viper        Hex/Summ       #.......     100%        5    ######.
 Hydra Form               Tmut           #.........   100%        6    #######
 Statue Form              Tmut/Erth      #........    100%        6    #######
 Dragon Form              Tmut           #.........   100%        7    #######
 Summon Hydra             Summ           #.........   100%        7    #######


Dungeon Overview and Level Annotations

Branches:
Dungeon (12/15)            Temple (1/1) D:5            Lair (6/6) D:9
 Shoals (0/4) Lair:4        Snake (0/4) Lair:3          Orc (0/2) D:9
  Slime: Lair:5-6

Altars:
Ashenzari
Cheibriados
Dithmenos
Elyvilon
Fedhas
Gozag
Hepliaklqana
Kikubaaqudgha
Makhleb
Nemelex Xobeh
Okawaru
Qazlal
Ru
Sif Muna
Trog
Uskayaw
Vehumet
Wu Jian
Xom
Yredelemnul
Zin
The Shining One

Shops:
D:8 ?   D:9 ?


Innate Abilities, Weirdness & Mutations

You reflexively headbutt those who attack you in melee.
You have a pair of horns on your head.


Message History

The entropy weaver is severely wounded.
Your hellwing hits the worker ant!
Your hellwing hits the worker ant but does no damage.
The soldier ant completely misses you. You furiously retaliate!
You headbutt the soldier ant, but do no damage.
The entropy weaver barely misses you. You furiously retaliate!
You headbutt the entropy weaver!
You block the entropy weaver's attack. x3
Your hellwing hits the soldier ant.
Your hellwing closely misses the soldier ant.
The entropy weaver hits you but does no damage.
The entropy weaver hits you!
* * * LOW HITPOINT WARNING * * *
The entropy weaver hits you but does no damage.
You block the entropy weaver's attack.
Items here: ††††† a soldier ant corpse x3; a worker ant corpse x2
You hit the entropy weaver but do no damage.
The entropy weaver is almost dead.
You block the entropy weaver's attack. The entropy weaver hits you!
You die...

#............# #..## ##.
#............## ##.## #..
#.............# #...# ##.
#.............# #...# #.
#.............###...# ##.
#..............#...## #..
........a†....P.....###...
.......aa††...............
....#'a'#@#PP.##.#..#... .
. #4.a####..########.###
#..#aa ##.# #....#
...###.. #.P# #P...# #(...
... #.#### #P...# ##..
...#####P# ##..# #..# .#..
#..####..### ..# ###..
##.....#..## #..........


You could see an entropy weaver, a soldier ant and a worker ant.

Vanquished Creatures
  An entropy weaver (Lair:5)
  Harold (D:9)
  8 hydras
  5 two-headed ogres
  Sonja (D:10)
  2 unseen horrors
  Pikel (D:4)
  A deep elf mage (D:12)
  2 ugly things
  A manticore (D:12)
  2 cyclopes (D:11)
  5 elephants (Lair:4)
  A torpor snail (Lair:4)
  2 black mambas
  4 komodo dragons
  8 rime drakes
  20 spiny frogs
  A centaur skeleton (D:12)
  A merfolk (D:10)
  4 trolls (D:12)
  12 blink frogs
  6 hippogriffs
  2 wyverns
  Eustachio (D:6)
  2 basilisks
  2 hungry ghosts
  24 yaks
  A steam dragon (Lair:2)
  2 vampire mosquitoes (Lair:6)
  12 soldier ants (Lair:5)
  2 nagas (Lair:3)
  12 water moccasins
  A hornet zombie (D:11)
  4 porcupines
  6 sky beasts
  A phantom (D:12)
  3 ice beasts
  2 orc warriors
  4 black bears
  4 ogres
  8 wolves
  15 crocodiles
  6 centaurs
  4 big kobolds
  17 bullfrogs
  Blork the orc (D:6)
  2 scorpions
  4 jellies
  8 howler monkeys
  An electric eel (Lair:4)
  9 crimson imps
  3 bullfrog zombies
  8 hounds
  6 orc priests
  8 orc wizards
  2 bullfrog skeletons
  A gnoll shaman (D:4)
  19 worker ants
  5 iguanas
  2 hound zombies
  2 hound skeletons
  2 howler monkey zombies
  A worker ant zombie (D:6)
  8 gnolls
  13 adders
  3 shadow imps
  An adder zombie (D:6)
  3 dart slugs
  3 leopard geckos
  32 orcs
  7 giant cockroaches
  4 goblins
  8 hobgoblins
  4 jackals (D:6)
  26 kobolds
  2 quokkas
  2 ball pythons
  14 bats
  5 frilled lizards
  12 rats
455 creatures vanquished.

Vanquished Creatures (collateral kills)
  A hydra (Lair:6)
  A spiny frog (Lair:6)
  A rime drake (Lair:6)
  2 vampire mosquitoes (Lair:6)
  A wolf (Lair:5)
  2 crocodiles (Lair:6)
  A bullfrog (Lair:6)
  A worker ant (Lair:5)
10 creatures vanquished.

Vanquished Creatures (others)
  2 wolves (Lair:6)
  5 fungi
  42 plants
49 creatures vanquished.

Grand Total: 514 creatures vanquished

Notes
Turn   | Place    | Note
-------+----------+-------------------------------------------
     0 | D:1      | George the Minotaur Fighter began the quest for the Orb.
     0 | D:1      | Reached XP level 1. HP: 19/19 MP: 0/0
    37 | D:1      | Reached skill level 3 in Long Blades
    56 | D:1      | Reached XP level 2. HP: 25/26 MP: 1/1
   404 | D:2      | Reached skill level 4 in Long Blades
   442 | D:2      | Reached XP level 3. HP: 31/31 MP: 2/2
   625 | D:2      | Reached skill level 5 in Long Blades
   675 | D:2      | Reached XP level 4. HP: 39/39 MP: 3/3
  1437 | D:3      | Reached skill level 6 in Long Blades
  2210 | D:4      | Reached XP level 5. HP: 23/45 MP: 4/4
  2411 | D:4      | Reached skill level 7 in Long Blades
  2632 | D:4      | Reached XP level 6. HP: 27/51 MP: 5/5
  2885 | D:4      | Noticed a slave
  2885 | D:4      | Noticed a slave
  2886 | D:4      | Noticed Pikel
  2886 | D:4      | Noticed a slave
  2904 | D:4      | Noticed a slave
  2911 | D:4      | Killed Pikel
  2911 | D:4      | Reached skill level 10 in Long Blades
  2911 | D:4      | Reached XP level 7. HP: 57/57 MP: 6/6
  3362 | D:5      | Entered Level 5 of the Dungeon
  3420 | D:5      | Found a staircase to the Ecumenical Temple.
  3465 | Temple   | Entered the Ecumenical Temple
  3483 | Temple   | Became a worshipper of Makhleb the Destroyer
  3745 | D:5      | Reached skill level 11 in Long Blades
  3745 | D:5      | Reached XP level 8. HP: 65/66 MP: 7/7
  3845 | D:5      | Reached skill level 1 in Dodging
  3917 | D:6      | Noticed Eustachio
  3945 | D:6      | Killed Eustachio
  3945 | D:6      | Reached skill level 1 in Invocations
  4062 | D:6      | Noticed Blork the orc
  4069 | D:6      | Killed Blork the orc
  4186 | D:6      | Reached * piety under Makhleb
  4330 | D:6      | Reached skill level 5 in Armour
  4332 | D:6      | Reached skill level 5 in Fighting
  4332 | D:6      | Reached skill level 5 in Shields
  4342 | D:6      | Reached XP level 9. HP: 32/74 MP: 10/10
  4860 | D:7      | Found a blossoming altar of Fedhas.
  5776 | D:8      | Found Haaj's Magic Scroll Emporium.
  6098 | D:8      | Reached ** piety under Makhleb
  6206 | D:8      | Reached skill level 12 in Long Blades
  6532 | D:9      | Noticed a two-headed ogre
  6542 | D:9      | Killed a two-headed ogre
  6542 | D:9      | Reached skill level 5 in Dodging
  6542 | D:9      | Reached XP level 10. HP: 84/84 MP: 12/12
  6680 | D:9      | Found a stormy altar of Qazlal.
  6787 | D:9      | Noticed Harold
  6808 | D:9      | Killed Harold
  6808 | D:9      | Reached skill level 5 in Invocations
  6842 | D:9      | Found a staircase to the Orcish Mines.
  6883 | D:9      | Found a staircase to the Lair.
  6942 | D:9      | Found Doec's Magic Scroll Boutique.
  7329 | D:10     | Entered Level 10 of the Dungeon
  7421 | D:10     | Noticed a two-headed ogre
  7432 | D:10     | Killed a two-headed ogre
  7565 | D:10     | Noticed a two-headed ogre
  7575 | D:10     | Killed a two-headed ogre
  7694 | D:10     | Killed an unseen horror
  7694 | D:10     | Reached XP level 11. HP: 43/94 MP: 14/14
  8002 | D:10     | Noticed Sonja
  8029 | D:10     | Killed Sonja
  8094 | D:10     | Noticed a two-headed ogre
  8108 | D:10     | Killed a two-headed ogre
  8379 | D:11     | Killed an unseen horror
  8433 | D:11     | Noticed a five-headed hydra
  8443 | D:11     | Killed a five-headed hydra
  8636 | D:11     | Reached skill level 13 in Long Blades
  8645 | D:11     | Reached *** piety under Makhleb
  8733 | D:11     | Noticed a seven-headed hydra
  8745 | D:11     | Killed a seven-headed hydra
  8816 | D:11     | Noticed a cyan ugly thing
  8827 | D:11     | Killed a cyan ugly thing
  9164 | D:12     | Noticed a deep elf mage
  9177 | D:12     | Killed a deep elf mage
  9255 | D:12     | Noticed a two-headed ogre
  9265 | D:12     | Killed a two-headed ogre
  9265 | D:12     | Reached XP level 12. HP: 86/105 MP: 16/16
  9328 | D:12     | Reached **** piety under Makhleb
  9406 | D:12     | Noticed a six-headed hydra
  9438 | D:12     | Killed a six-headed hydra
  9837 | Lair:1   | Entered Level 1 of the Lair of Beasts
  9877 | Lair:1   | Noticed a seven-headed hydra
  9912 | Lair:1   | Killed a seven-headed hydra
  9912 | Lair:1   | Reached skill level 10 in Fighting
  9912 | Lair:1   | Reached skill level 10 in Armour
 10092 | Lair:1   | Reached skill level 10 in Shields
 10760 | Lair:2   | Noticed an eight-headed hydra
 10775 | Lair:2   | Killed an eight-headed hydra
 10954 | Lair:2   | Noticed an eight-headed hydra
 10969 | Lair:2   | Killed an eight-headed hydra
 10969 | Lair:2   | Reached skill level 14 in Long Blades
 11221 | Lair:2   | Reached ***** piety under Makhleb
 12020 | Lair:3   | Found a staircase to the Snake Pit.
 12077 | Lair:3   | Reached XP level 13. HP: 87/114 MP: 18/18
 12558 | Lair:3   | Got a fine trident
 12559 | Lair:3   | Identified the +6 trident of Prudence {antimagic, rF+ rN+}
                  | (You found it on level 3 of the Lair of Beasts)
 12566 | Lair:4   | Found a staircase to the Shoals.
 13496 | Lair:4   | You fall through a shaft for 2 floors!
 13496 | Lair:6   | Entered Level 6 of the Lair of Beasts
 13520 | Lair:6   | Reached skill level 10 in Dodging
 13900 | Lair:6   | Found a labyrinth entrance.
 14484 | Lair:5   | Reached XP level 14. HP: 126/126 MP: 20/20
 14533 | Lair:5   | Noticed an entropy weaver
 14533 | Lair:5   | Noticed an entropy weaver
 14555 | Lair:5   | Killed an entropy weaver
 14679 | Lair:5   | HP: 5/126 [soldier ant (5)]
 14684 | Lair:5   | Slain by an entropy weaver

Vault maps used:
D:1:      saegor_arrival_simple_b
D:2:      minmay_misc_feat_nine_boxes, kennysheep_generic_room_9
D:3:      serial_co_window_serial, co_window_of_opportunity_a,
          co_window_paths_a, co_window_corner_a, co_window_paths_a,
          co_window_corner_a, co_window_of_opportunity_a,
          co_window_of_opportunity_a, co_window_corner_ca,
          co_window_unsneaky_path_d, co_window_unsneaky_path_a,
          co_window_corner_b, co_window_corner_b, co_window_broadway_a,
          co_window_broadway_b, co_window_4corner_b
D:4:      first_ration, serial_bayou, serial_bayou_pond_e, serial_bayou_shore_a,
          serial_bayou_pond_a, serial_bayou_shore_b, serial_bayou_crossing,
          uniq_pikel
D:5:      minmay_temple_entry_overgrown
D:6:      kennysheep_generic_room_3, uniq_eustachio, uniq_blork_the_orc
D:7:      cheibrodos_iron_armory, fedhas_ov_isle_minmay
D:8:      serial_shops, nicolae_shop_stone
D:9:      lemuel_doored_altar, dpeg_oklobed_lair, orc_0_dummy, serial_shops,
          nicolae_shop_stone, uniq_harold
D:10:     hangedman_fish_farm, minmay_misc_feat_plants, uniq_sonja
D:12:     hex_tiny
Temple:   minmay_crystal_snake_temple
Lair:1:   chequers_serial_rivers_room_a, chequers_serial_rivers_marsh,
          lemuel_fruit_fields
Lair:3:   guppyfry_snake_entry_island
Lair:4:   elwin_shoals_entry_rocks, gammafunk_lair_bear_cave
Lair:5:   zaba_antful_of_joy
Lair:6:   minmay_lair_end_frog_pond, nicolae_slime_entry_slimehenge,
          lab_entry_generic, fungi_pond_lemuel, minmay_lair_drake_nest,
          minmay_lair_oklob_chamber

Skill      XL: |  1  2  3  4  5  6  7  8  9 10 11 12 13 14 |
---------------+-------------------------------------------+-----
Long Blades    | 3 4 5 6 7 10 11 12 13 14 | 14.0
Dodging        | 3 5 6 7 9 10 | 10.7
Fighting       | 5 6 8 9 10 12 | 12.2
Armour         | 5 6 8 9 10 12 | 12.1
Shields        | 5 6 7 9 10 11 12 | 12.1
Invocations    | 2 4 5 7 8 9 |  9.9

Action                   |  1- 3 |  4- 6 |  7- 9 | 10-12 | 13-15 || total
-------------------------+-------+-------+-------+-------+-------++-------
Melee: Long sword        |    70 |   152 |   338 |   706 |   637 ||  1903
       Headbutt          |     9 |    18 |    75 |   185 |   206 ||   493
       Rapier            |       |       |       |    49 |    26 ||    75
Invok: Minor Destruction |       |       |       |     4 |       ||     4
       Lesser Servant of |       |       |       |       |     5 ||     5
Evoke: Wand              |       |       |       |    15 |       ||    15
  Use: Scroll            |       |     8 |     3 |     6 |     5 ||    22
       Potion            |       |       |       |     1 |     4 ||     5
 Stab: Confused          |       |       |       |     1 |       ||     1
       Distracted        |       |       |       |       |     2 ||     2
  Eat: Chunk             |       |     6 |    12 |    18 |    11 ||    47
Armor: Scale mail        |    13 |       |       |       |       ||    13
       Chain mail        |    29 |    67 |    85 |   268 |    31 ||   480
       Plate armour      |       |       |       |       |   209 ||   209
Dodge: Dodged            |    20 |    33 |    60 |   202 |   209 ||   524
Block: Shield            |    41 |    99 |   156 |   480 |   639 ||  1415
       Reflection        |       |       |       |     5 |     7 ||    12
       Rpst.: Long sword |     5 |     5 |    14 |    33 |    39 ||    96

Table legend:
 A = Non-vault XP
 B = Vault XP
 C = Vault XP percentage of total XP
 D = Non-vault monster count
 E = Vault monster count
 F = Vault count percentage of total count
                 A         B        C        D         E       F
            +---------+---------+-------+---------+---------+-------
      Total |   53458 |   15129 |  22.1 |     404 |      61 |  13.1
            +---------+---------+-------+---------+---------+-------
        D:1 |      28 |       0 |   0.0 |      16 |       0 |   0.0
        D:2 |      76 |       2 |   2.6 |      27 |       2 |   6.9
        D:3 |      68 |       0 |   0.0 |      30 |       0 |   0.0
        D:4 |     285 |     641 |  69.2 |      21 |       1 |   4.5
        D:5 |     443 |       0 |   0.0 |      12 |       0 |   0.0
        D:6 |    1120 |     389 |  25.8 |      23 |       3 |  11.5
        D:7 |     866 |       0 |   0.0 |      18 |       0 |   0.0
        D:8 |    1523 |       0 |   0.0 |      35 |       0 |   0.0
        D:9 |    1822 |    1044 |  36.4 |      18 |       1 |   5.3
       D:10 |    4393 |    1080 |  19.7 |      20 |       2 |   9.1
       D:11 |    5681 |       0 |   0.0 |      30 |       0 |   0.0
       D:12 |    7115 |       0 |   0.0 |      36 |       0 |   0.0
     Lair:1 |    3653 |       0 |   0.0 |      15 |       0 |   0.0
     Lair:2 |    7137 |       0 |   0.0 |      25 |       0 |   0.0
     Lair:3 |    2353 |     317 |  11.9 |       8 |       2 |  20.0
     Lair:4 |    9401 |     430 |   4.4 |      38 |       4 |   9.5
     Lair:5 |    3108 |    3596 |  53.6 |      15 |      23 |  60.5
     Lair:6 |    4386 |    7630 |  63.5 |      17 |      23 |  57.5
            +---------+---------+-------+---------+---------+-------
